 Dungeon Crawl Stone Soup version 0.24.0-123-gd5b16e6ec5 (webtiles) character file.

Game seed: 8477475305899247641, levelgen mode: deterministic

599 Bluestream the Cudgeler (level 7, -1/64 HPs)
             Began as a Minotaur Berserker on Feb 2, 2020.
             Was a Priest of Trog.
             Slain by Duvessa
             ... wielding a +0 short sword of draining
              (7 damage)
             ... on level 5 of the Dungeon.
             The game lasted 00:05:27 (3637 turns).

Bluestream the Cudgeler (Minotaur Berserker)        Turns: 3637, Time: 00:05:27

Health: -1/64      AC:  7    Str: 23    XL:     7   Next: 17%
Magic:  6/6        EV: 11    Int:  4    God:    Trog [***...]
Gold:   206        SH:  0    Dex: 10    Spells: 6/6 levels left

rFire    . . .     SeeInvis .   a - +0 mace
rCold    + . .     Gourm    .   (no shield)
rNeg     . . .     Faith    .   n - +0 ring mail {rC+}
rPois    .         Spirit   .   (helmet restricted)
rElec    .         Reflect  .   (no cloak)
rCorr    .         Harm     .   w - +0 pair of gloves
MR       .....                  k - +0 pair of boots
Stlth    ..........             (no amulet)
HPRegen  0.20/turn              (no ring)
MPRegen  0.10/turn              (no ring)

@: berserk cooldown, slowed, heavily drained, very slow
A: retaliatory headbutt, horns 2
a: Berserk, Trog's Hand, Renounce Religion


You were on level 5 of the Dungeon.
You worshipped Trog.
Trog was most pleased with you.
You were near starving.

You visited 1 branch of the dungeon, and saw 5 of its levels.

You collected 206 gold pieces.

Inventory:

Hand Weapons
 a - a +0 mace (weapon)
Armour
 k - a +0 pair of boots (worn)
 n - a +0 ring mail of cold resistance (worn)
 w - a +0 pair of gloves (worn)
Scrolls
 d - a scroll of noise {unknown}
 i - 3 scrolls of teleportation
 j - 3 scrolls of random uselessness {unknown}
 l - 6 scrolls of identify {unknown}
 o - 2 scrolls of amnesia {unknown}
 r - a scroll of enchant weapon {unknown}
 s - a scroll of immolation {unknown}
 t - a scroll of blinking {unknown}
 u - a scroll of remove curse
 v - a scroll of fear
 x - a scroll of fog
Potions
 b - 2 potions of curing {unknown}
 e - a potion of degeneration {unknown}
 f - 2 potions of invisibility {unknown}
 g - a potion of agility {unknown}
 h - 2 potions of resistance {unknown}
 m - a potion of lignification {unknown}
 p - a potion of ambrosia {unknown}
 q - a potion of flight {unknown}
Comestibles
 c - 9 rations


   Skills:
 * Level 6.4(3.7) Fighting
 * Level 6.4(3.8) Maces & Flails
 + Level 4.5(1.9) Armour
 + Level 4.0(1.5) Dodging


You had 6 spell levels left.
You didn't know any spells.
Your spell library was empty.

Dungeon Overview and Level Annotations

Branches:
Dungeon (5/15)
 Temple: D:4-7

Altars:
Gozag
Ru
Wu Jian

Shops:
D:4 (

Annotations:
D:5 Duvessa


Innate Abilities, Weirdness & Mutations

You reflexively headbutt those who attack you in melee.
You have a pair of horns on your head.


Message History

Something unseen opens the door.
You hit Duvessa but do no damage.
Duvessa is almost dead.
Duvessa hits you but does no damage.
You feel drained.
Duvessa hits you with a +0 short sword of draining!
You feel drained.
Duvessa hits you with a +0 short sword of draining.
You feel drained.
The worker ant bites you but does no damage.
You hit Duvessa but do no damage. Your headbutt misses Duvessa.
Duvessa is almost dead.
Duvessa hits you with a +0 short sword of draining.
You feel drained. The worker ant bites you.
Duvessa hits you with a +0 short sword of draining!
* * * LOW HITPOINT WARNING * * *
You feel drained.
* * * LOW HITPOINT WARNING * * *
The worker ant misses you.
Duvessa hits you with a +0 short sword of draining!
You die...

#.#######.##
#.......#..# #
######.#####.#..#.# ..
#...............#.#...
#.#...................
._........#...........
#.#.#..##.#..#.####...
........#..#..#....'...
...#.#.##.##..#@e###
..#... .. $..#)ac.....
....######.#.####.##
... #.#.# #.#.# # #.#
... #+#


You could see Duvessa (berserk), a centaur and a worker ant.

Vanquished Creatures
  An ice beast (D:5)
  An ogre (D:4)
  A scorpion (D:4)
  Dowan (D:5)
  A howler monkey (D:5)
  An orc priest (D:4)
  An orc wizard (D:5)
  Jessica (D:3)
  A worker ant (D:4)
  3 gnolls (D:3)
  4 adders
  2 oozes
  An adder zombie (D:2)
  2 adder skeletons
  A worm (D:2)
  2 leopard geckos
  8 orcs
  2 bat skeletons (D:2)
  A bat zombie (D:2)
  4 giant cockroaches
  6 goblins
  7 hobgoblins
  7 jackals
  3 quokkas
  A ball python skeleton (D:2)
  7 bats
  3 frilled lizards
  6 kobolds
  A leopard gecko skeleton (D:2)
  A quokka skeleton (D:2)
  9 rats
90 creatures vanquished.

Notes
Turn   | Place    | Note
-------+----------+-------------------------------------------
     0 | D:1      | Bluestream the Minotaur Berserker began the quest for the
                  | Orb.
     0 | D:1      | Reached XP level 1. HP: 19/19 MP: 0/0
   158 | D:1      | Reached XP level 2. HP: 27/27 MP: 1/1
   820 | D:2      | Reached ** piety under Trog
   821 | D:2      | Reached XP level 3. HP: 30/33 MP: 2/2
  1621 | D:3      | Noticed Jessica
  1627 | D:3      | Reached XP level 4. HP: 41/41 MP: 3/3
  1628 | D:3      | Killed Jessica
  1731 | D:3      | Reached skill level 5 in Fighting
  1731 | D:3      | Reached skill level 5 in Maces & Flails
  1731 | D:3      | Reached XP level 5. HP: 24/48 MP: 4/4
  1979 | D:3      | Reached *** piety under Trog
  2348 | D:4      | Found an ornate altar of the Wu Jian Council.
  2383 | D:4      | Found Rany's Antique Weapon Shop.
  2547 | D:4      | Noticed an ogre
  2552 | D:4      | Killed an ogre
  2552 | D:4      | Reached XP level 6. HP: 47/56 MP: 5/5
  2916 | D:4      | Found an opulent altar of Gozag.
  3270 | D:5      | Entered Level 5 of the Dungeon
  3532 | D:5      | Noticed an ice beast
  3543 | D:5      | Killed an ice beast
  3543 | D:5      | Reached XP level 7. HP: 63/63 MP: 6/6
  3614 | D:5      | Found a sacrificial altar of Ru.
  3622 | D:5      | Noticed Dowan
  3628 | D:5      | Noticed Duvessa
  3630 | D:5      | Killed Dowan
  3637 | D:5      | Slain by Duvessa

Levels and vault maps discovered:
D:1:      minmay_arrival_wavy_path, layout_basic
D:2:      layout_basic, serial_undead, serial_undead_c, serial_undead_c,
          serial_undead_e, serial_undead_d, minmay_fountain_box,
          roderic_roman_lattice, kennysheep_generic_room_15
D:3:      layout_rooms, uniq_jessica
D:4:      layout_loops_corners, lemuel_coloured_pillars_altar,
          marbit_many_paths, serial_shops, nicolae_shop_statue_plus
D:5:      layout_basic, vehumet_statue, grunt_dithmenos_smoke_and_mirrors,
          nemelex_xobeh_ov_fountains_minmay, lemuel_crystal_altar, first_ration,
          lemuel_flame_loot_1, uniq_duvessa

Skill      XL: |  1  2  3  4  5  6  7 |
---------------+----------------------+-----
Fighting       | 4 5 6 |  6.4
Maces & Flails | 4 5 6 |  6.4
Armour         | 3 4 |  4.5
Dodging        | 3 4 |  4.0

Action                   |  1- 3 |  4- 6 |  7- 9 || total
-------------------------+-------+-------+-------++-------
Melee: Mace              |    64 |   139 |     9 ||   212
       Headbutt          |     7 |    18 |     3 ||    28
Invok: Berserk           |       |     1 |     1 ||     2
  Use: Scroll            |     4 |       |       ||     4
  Eat: Chunk             |     1 |     8 |       ||     9
Armor: Animal skin       |     2 |       |       ||     2
       Ring mail         |    27 |    39 |     2 ||    68
Dodge: Dodged            |    59 |    99 |     7 ||   165
